 Dungeon Crawl Stone Soup version 0.31-a0-198-g2ad674f65e (webtiles) character file.

Game seed: 4428968050140182524

128 qw the Skirmisher (level 4, -3/25 HPs)
             Began as a Deep Elf Hunter on June 25, 2023.
             Killed by nerve-wracking pain
             ... invoked by Grinder
              (6 damage)
             ... on level 3 of the Dungeon.
             The game lasted 00:00:36 (1984 turns).

qw the Skirmisher (Deep Elf Hunter)                 Turns: 1984, Time: 00:00:36

Health: -3/25      AC:  5    Str: 10    XL:     4   Next: 86%
Magic:  6/6        EV: 11    Int: 14    God:
Gold:   146        SH:  0    Dex: 18    Spells: 3/3 levels left

rFire   . . .        Y - +0 shortbow
rCold   . . .        (shield currently unavailable)
rNeg    . . .        d - +0 ring mail
rPois   .            (no helmet)
rElec   .            (no cloak)
rCorr   .            (no gloves)
SInv    .            (no boots)
Will    .....        (no amulet)
Stlth   +            (no ring)
HPRegen 0.24/turn    (no ring)
MPRegen 0.10/turn

%: no passive effects
@: no status effects
A: no striking features
a: no special abilities


You were on level 3 of the Dungeon.
You visited 1 branch of the dungeon, and saw 3 of its levels.

You collected 146 gold pieces.


   Skills:
 - Level 1.5 Fighting
 + Level 8.3 Ranged Weapons
 - Level 2.4 Dodging
 - Level 1.2 Stealth


You had 3 spell levels left.
You didn't know any spells.
Your spell library was empty.

Inventory:

Hand Weapons
 Y - a +0 shortbow (weapon)
Armour
 d - a +0 ring mail (worn)
Potions
 g - a potion of curing {unknown}
 h - a potion of degeneration {unknown}

Dungeon Overview and Level Annotations

Branches:
Dungeon (3/15)

Altars:

Annotations:
D:3 Grinder


Message History

Found a spear.
You now have 134 gold pieces (gained 7).
You feel your willpower return.
Found 3 stones.
You now have 140 gold pieces (gained 6).
An endoplasm comes into view.
The endoplasm quivers.
You shoot an arrow. The arrow hits the endoplasm.
The endoplasm is heavily wounded.
You shoot an arrow.
The arrow hits the endoplasm but does no damage.
The endoplasm is heavily wounded.
You shoot an arrow. The arrow hits the endoplasm.
You kill the endoplasm!
You see here 3 stones.
You now have 146 gold pieces (gained 6).
You open the door.
Found a scroll of fear and a leather armour.
Enter note:
Enter note:
There is an open door here.
Grinder comes into view.
Grinder blinks!
Grinder moves out of view.
Enter note: Grinder is nearby!
Enter note: You shoot an arrow.
The arrow hits Grinder!
Grinder is lightly wounded.
You shoot an arrow. The arrow completely misses Grinder.
Grinder gestures at you. Pain shoots through your body! Grinder hits you!
You shoot an arrow. The arrow closely misses Grinder.
Grinder hits you.
You writhe in agony.
You shoot an arrow. The arrow hits Grinder.
Grinder is lightly wounded.
Grinder hits you.
You shoot an arrow. The arrow closely misses Grinder.
Grinder gestures at you. Pain shoots through your body!
You die...

##.########
#....#
..........#
####.#
...######.#
#.#
..........#
#.#
.......#..#
#.#
...###.#..#
#.# ...#
#.#..# #.#
...###.#..##
#.#
...........#
#@#
...#####.###
#5# ...# #.#
#.. .#.. #
.... .#..#
..### .#...
.### .#.#. .
#.### ..


You could see Grinder.

Vanquished Creatures
  Natasha (thrice) (D:2)
  2 worms (D:2)
  2 dart slugs (D:2)
  5 endoplasms
  3 giant cockroaches
  4 goblins
  4 hobgoblins
  3 quokkas (D:2)
  A ball python (D:1)
  5 bats
  3 frilled lizards (D:1)
  2 kobolds
  7 rats
44 creatures vanquished.

Notes
Turn   | Place    | Note
-------+----------+-------------------------------------------
     0 | D:1      | qw the Deep Elf Hunter began the quest for the Orb.
     0 | D:1      | Reached XP level 1. HP: 12/12 MP: 3/3
     0 | D:1      | 0 ||| qw: Version: 0.3-a-22-g0ed2b0b
     0 | D:1      | 0 ||| qw: Game counter: 5323
     0 | D:1      | 0 ||| qw: Melee chars always use a shield: true
     0 | D:1      | 0 ||| qw: God list: Okawaru
     0 | D:1      | 0 ||| qw: Allow faded altars: false
     0 | D:1      | 0 ||| qw: Do Orc after clearing Dungeon:15 true
     0 | D:1      | 0 ||| qw: Do second Lair branch before Depths: true
     0 | D:1      | 0 ||| qw: Lair rune preference: random
     0 | D:1      | 0 ||| qw: Goals: Normal
     0 | D:1      | 0 ||| PLANNING D:1-11
   110 | D:1      | Reached XP level 2. HP: 16/16 MP: 4/4
   146 | D:1      | Reached skill level 6 in Ranged Weapons
   942 | D:1      | 942 ||| UPGRADING to +0 ring mail.
   952 | D:1      | 952 ||| DROPPING +0 leather armour.
   953 | D:1      | 953 ||| DROPPING ring of flight.
   954 | D:1      | 954 ||| READING scroll labelled GEAC CUDUFENN.
   955 | D:1      | 955 ||| READING scroll labelled KUSUSUFETI.
   956 | D:1      | 956 ||| DROPPING scroll of butterflies.
  1062 | D:2      | Reached XP level 3. HP: 20/20 MP: 5/5
  1130 | D:2      | 1130 ||| FLEEEEING.
  1131 | D:2      | 1131 ||| FLEEEEING.
  1178 | D:2      | Noticed Natasha
  1184 | D:2      | Killed Natasha
  1185 | D:2      | Reached skill level 7 in Ranged Weapons
  1307 | D:2      | Noticed Natasha
  1316 | D:2      | Killed Natasha
  1317 | D:2      | Reached XP level 4. HP: 10/25 MP: 6/6
  1339 | D:2      | Noticed Natasha
  1344 | D:2      | Killed Natasha
  1345 | D:2      | Reached skill level 8 in Ranged Weapons
  1446 | D:2      | Found a faded altar of an unknown god.
  1861 | D:2      | 1861 ||| READING scroll labelled NEQOITZ HILO.
  1862 | D:2      | 1862 ||| READING 3 scrolls labelled HEESOT BUINA.
  1863 | D:2      | 1863 ||| READING scroll labelled GOGOTU WASUTU.
  1864 | D:2      | 1864 ||| DROPPING 2 scrolls of noise.
  1975 | D:3      | Noticed Grinder
  1982 | D:3      | HP: 4/25 [Grinder (5)]
  1984 | D:3      | Killed from afar by Grinder

Levels and vault maps discovered:
D:1:      onia_arrival_handbag, layout_loops_corners, minmay_pentomino_z4
D:2:      layout_loops_ring, basic_ecumenical_altar, uniq_crazy_yiuf_cottage,
          uniq_natasha
D:3:      layout_basic, uniq_terence, uniq_grinder, uniq_ijyb

Skill      XL: |  1  2  3  4 |
---------------+-------------+-----
Ranged Weapons | 6 7 8 |  8.3
Fighting       | |  1.5
Dodging        | |  2.4
Stealth        | |  1.2

Action                     |  1- 3 |  4- 6 || total
---------------------------+-------+-------++-------
   Fire: Shortbow          |    80 |    40 ||   120
    Use: Scroll            |     2 |     3 ||     5
 Armour: Leather armour    |     3 |       ||     3
         Ring mail         |     4 |     2 ||     6
  Dodge: Dodged            |    18 |     2 ||    20

Table legend:
 A = Non-vault XP
 B = Vault XP
 C = Vault XP percentage of total XP
 D = Non-vault monster count
 E = Vault monster count
 F = Vault count percentage of total count
                 A         B        C        D         E       F
            +---------+---------+-------+---------+---------+-------
      Total |     141 |      42 |  23.0 |      38 |       6 |  13.6
            +---------+---------+-------+---------+---------+-------
        D:1 |      23 |       7 |  23.3 |      16 |       5 |  23.8
        D:2 |     116 |      35 |  23.2 |      21 |       1 |   4.5
        D:3 |       2 |       0 |   0.0 |       1 |       0 |   0.0
            +---------+---------+-------+---------+---------+-------
